 Dungeon Crawl Stone Soup version 0.21-a0-184-g9126a74 (webtiles) character file.

563 FrankyJ the Ogre Mage (level 7, 0/67 HPs)
             Began as an Ogre Fire Elementalist on Aug 10, 2017.
             Slain by Prince Ribbit (12 damage)
             ... on level 5 of the Dungeon on Aug 11, 2017.
             The game lasted 00:18:04 (4687 turns).

FrankyJ the Ogre Mage (Ogre Fire Elementalist)      Turns: 4687, Time: 00:18:05

Health: 0/67       AC:  5    Str: 13    XL:     7   Next: 32%
Magic:  7/16       EV: 10    Int: 18    God:
Gold:   353        SH:  0    Dex:  9    Spells: 3/18 levels left

rFire    . . .     SeeInvis .   y - +1 trident (pierce)
rCold    . . .     Gourm    .   (no shield)
rNeg     . . .     Faith    .   a - +0 robe
rPois    .         Spirit   .   (helmet restricted)
rElec    .         Reflect  .   v - +1 cloak
rCorr    .         Harm     .   (gloves unavailable)
MR       +....                  (boots unavailable)
Stlth    ++........             (no amulet)
HPRegen  0.21/turn              m - ring of protection from magic
MPRegen  0.15/turn              (no ring)

@: very slightly contaminated
A: unfitting armour, tough skin 1
a: no special abilities


You were on level 5 of the Dungeon.
You were hungry.

You visited 1 branch of the dungeon, and saw 5 of its levels.

You collected 353 gold pieces.

Inventory:

Hand Weapons
 w - a +1 giant club
 x - a +0 morningstar
 y - a +1 trident of piercing (weapon)
Armour
 a - a +0 robe (worn)
 v - a +1 cloak (worn)
Jewellery
 m - a ring of protection from magic (left hand)
Scrolls
 f - 3 scrolls of remove curse
 l - a scroll of fog
Potions
 d - a potion of cancellation
 e - a potion of might
 u - a potion of flight {unknown}
Books
 b - a book of Flames

   Spells                             Type                      Level
   a - Flame Tongue                   Conjuration/Fire             1
   b - Throw Flame                    Conjuration/Fire             2
   c - Conjure Flame                  Conjuration/Fire             3
   d - Inner Flame                    Hexes/Fire                   3
   e - Sticky Flame                   Conjuration/Fire             4
   f - Fireball                       Conjuration/Fire             5
 r - a book of Callings

   Spells                             Type                      Level
   a - Summon Small Mammal            Summoning                    1
   b - Call Imp                       Summoning                    2
   c - Call Canine Familiar           Summoning                    3
   d - Summon Guardian Golem          Hexes/Summoning              3
   e - Summon Lightning Spire         Summoning/Air                4
   f - Summon Ice Beast               Ice/Summoning                4
Comestibles
 c - 3 bread rations
 j - a royal jelly
 p - 5 fruits
 q - 2 meat rations
 z - 8 chunks of flesh


   Skills:
 - Level 3.0 Fighting
 + Level 2.4 Maces & Flails
 - Level 2.0 Dodging
 - Level 2.0 Stealth
 - Level 6.2 Spellcasting
 - Level 1.0 Conjurations
 - Level 2.0 Summonings
 - Level 3.0 Fire Magic


You had 3 spell levels left.
You knew the following spells:

 Your Spells              Type           Power        Failure   Level  Hunger
a - Flame Tongue          Conj/Fire      ##...        4%          1    None
b - Sticky Flame          Conj/Fire      ##......     45%         4    ####...
c - Conjure Flame         Conj/Fire      ##......     16%         3    ##.....
d - Call Imp              Summ           ##......     8%          2    None
e - Fireball              Conj/Fire      ##........   80%         5    #####..


Dungeon Overview and Level Annotations

Branches:
Dungeon (5/15)
 Temple: D:4-7

Altars:
Cheibriados
Kikubaaqudgha
Nemelex Xobeh
Ru

Annotations:
D:5 Prince Ribbit


Innate Abilities, Weirdness & Mutations

You are too large for most types of armour.
You have tough skin. (AC +1)


Message History

Aim: Prince Ribbit You miscast Sticky Flame.
A wave of violent energy washes through your body!
Prince Ribbit hits you.
Prince Ribbit says, "You're just another fly to me."
Prince Ribbit hits you!
You barely miss Prince Ribbit. Prince Ribbit hits you.
You miss Prince Ribbit. Prince Ribbit hits you. Prince Ribbit hits you!
You closely miss Prince Ribbit.
Prince Ribbit hits you but does no damage.
Prince Ribbit hits you.
You closely miss Prince Ribbit. Prince Ribbit hits you.
* * * LOW HITPOINT WARNING * * *
Prince Ribbit lets out a mournful croak.
Prince Ribbit hits you!
* * * LOW HITPOINT WARNING * * *
You barely miss Prince Ribbit.
Prince Ribbit blinks! x2
Some of the chunks of flesh in your inventory have rotted away.
Prince Ribbit hits you!
You die...

####.........
####............
###.........##....
#...........##....
#.......#.........
#.......รท....####.
#..$.............
#........F.......
#........@.......
#..............<.
#...#............
#...#............
................
...............
...............
...............


You could see Prince Ribbit.

Vanquished Creatures
  A sky beast (D:4)
  An ogre (D:4)
  A howler monkey (D:5)
  A bullfrog zombie (D:5)
  An orc priest (D:4)
  A centaur skeleton (D:4)
  A bullfrog skeleton (D:4)
  2 worker ants (D:4)
  7 adders
  2 oozes
  An adder zombie (D:4)
  An adder skeleton (D:2)
  2 worms
  2 dart slugs
  A leopard gecko (D:3)
  6 orcs
  A bat skeleton (D:2)
  4 giant cockroaches
  5 goblins
  11 hobgoblins
  6 jackals
  10 kobolds
  A quokka (D:3)
  2 ball pythons (D:3)
  8 bats
  7 frilled lizards
  A jackal skeleton (D:4)
  2 quokka zombies (D:2)
  9 rats
98 creatures vanquished.

Notes
Turn   | Place    | Note
-------+----------+-------------------------------------------
     0 | D:1      | FrankyJ the Ogre Fire Elementalist began the quest for the Orb.
     0 | D:1      | Reached XP level 1. HP: 16/16 MP: 3/3
    84 | D:1      | Reached skill level 1 in Conjurations
   211 | D:1      | Reached XP level 2. HP: 12/24 MP: 0/5
   687 | D:1      | Reached skill level 3 in Spellcasting
   705 | D:1      | Reached XP level 3. HP: 29/31 MP: 2/7
   765 | D:1      | Found a sparkling altar of Nemelex Xobeh.
  1086 | D:2      | Reached skill level 1 in Fighting
  1167 | D:2      | Upgraded the game from 0.21-a0-179-gd2bfb5f to 0.21-a0-184-g9126a74
  1568 | D:2      | Reached XP level 4. HP: 24/44 MP: 1/8
  2287 | D:2      | Learned a level 4 spell: Sticky Flame
  2291 | D:2      | Learned a level 3 spell: Conjure Flame
  2423 | D:3      | Found an ancient bone altar of Kikubaaqudgha.
  2584 | D:3      | Learned a level 2 spell: Call Imp
  2700 | D:3      | Reached XP level 5. HP: 53/53 MP: 8/10
  2743 | D:3      | Reached skill level 4 in Spellcasting
  2950 | D:3      | Reached skill level 1 in Summonings
  3038 | D:3      | Found a snail-covered altar of Cheibriados.
  3462 | D:4      | Noticed an ogre
  3470 | D:4      | Killed an ogre
  3470 | D:4      | Reached skill level 5 in Spellcasting
  3470 | D:4      | Reached XP level 6. HP: 61/61 MP: 4/14
  3510 | D:4      | Noticed a sky beast
  3651 | D:4      | Killed a sky beast
  3651 | D:4      | Reached skill level 6 in Spellcasting
  4100 | D:4      | Reached XP level 7. HP: 67/67 MP: 13/16
  4215 | D:4      | Reached skill level 1 in Maces & Flails
  4505 | D:4      | Found a sacrificial altar of Ru.
  4540 | D:4      | Learned a level 5 spell: Fireball
  4654 | D:5      | Entered Level 5 of the Dungeon
  4674 | D:5      | Noticed Prince Ribbit
  4687 | D:5      | Slain by Prince Ribbit

Vault maps used:
D:1:      saegor_arrival_simple_e, nemelex_diamond_rough_becter
D:2:      first_bread, serial_undead, serial_undead_e, serial_undead_a,
          serial_undead_e, serial_undead_e
D:3:      cheibriados_altar_1, kiku_gazebo_pond_becter, guppyfry_early_orc_mine
D:4:      minmay_misc_feat_diagonals, st_stairs_10, nicolae_ru_awakened_eye
D:5:      minmay_temple_entry_overgrown, uniq_ijyb, uniq_prince_ribbit1

Skill      XL: |  1  2  3  4  5  6  7 |
---------------+----------------------+-----
Conjurations   | 1 |  1.0
Dodging        | 2 |  2.0
Spellcasting   | 3 5 6 |  6.2
Fire Magic     | 3 |  3.0
Fighting       | 2 3 |  3.0
Stealth        | 2 |  2.0
Summonings     | 2 |  2.0
Maces & Flails | 2 |  2.4

Action                   |  1- 3 |  4- 6 |  7- 9 || total
-------------------------+-------+-------+-------++-------
Melee: Unarmed           |     6 |       |       ||     6
       Club              |    49 |    10 |       ||    59
       Morningstar       |       |    17 |    14 ||    31
       Giant club        |       |    69 |     2 ||    71
       Trident           |       |       |    14 ||    14
 Cast: Flame Tongue      |    55 |   130 |    12 ||   197
       Sticky Flame      |       |     1 |     1 ||     2
  Use: Scroll            |       |       |    14 ||    14
 Stab: Distracted        |     1 |       |       ||     1
  Eat: Chunk             |     2 |     8 |     2 ||    12
Armor: Robe              |    40 |    57 |    11 ||   108
Dodge: Dodged            |    73 |    92 |    26 ||   191
